[Event "ICC tourney 2380 (15 3)"]
[Site "Internet Chess Club"]
[Date "2021.02.07"]
[Round "5"]
[White "Roger436"]
[Black "Slothychess"]
[Result "1/2-1/2"]
[ICCResult "Game drawn by mutual agreement"]
[WhiteElo "1751"]
[BlackElo "2048"]
[Opening "Sicilian: Najdorf"]
[ECO "B90"]
[NIC "SI.14"]
[Time "16:35:20"]
[PlyCount "123"]
[TimeControl "900+3"]

1. e4 c5 2. Nf3 d6 3. d4 cxd4 4. Nxd4 Nf6 5. Nc3 a6 6. f3 e5 7. Nb3 Be6 8.
Be3 Be7 9. Qd2 O-O 10. O-O-O Qc7 11. g4 Nbd7 12. g5 Nh5 13. Nd5 Bxd5 14.
exd5 Rfc8 15. Bh3 b5 16. Kb1 Nf4 17. Bxf4 exf4 18. Bxd7 Qxd7 19. Qxf4 a5
20. Nd4 Rc4 21. Qe3 Bd8 22. Nc6 g6 23. Rhe1 Qf5 24. Qe8+ Kg7 25. Nxd8 Rac8
26. Qxf7+ Qxf7 27. Nxf7 Kxf7 28. c3 Rf4 29. Rd3 Rf5 30. h4 Rc4 31. Rde3 Rc7
32. Re6 Rxd5 33. Rf6+ Kg7 34. Ree6 b4 35. Rxd6 Rxd6 36. Rxd6 bxc3 37. bxc3
Rxc3 38. f4 Rh3 39. Rd7+ Kg8 40. Rd4 Rxh4 41. Kb2 h6 42. gxh6 Rxh6 43. Kc3
Rh3+ 44. Kb2 Rf3 45. a4 Kf7 46. Kc2 Ke6 47. Kd2 Kf5 48. Rd5+ Kxf4 49. Rxa5
g5 50. Ke2 g4 51. Ra8 Ra3 52. a5 Kg3 53. a6 Kg2 54. a7 g3 55. Ke1 Ra2 56.
Kd1 Kg1 57. Rg8 Rxa7 58. Rxg3+ Kf2 59. Rb3 Rd7+ 60. Kc2 Ke2 61. Rh3 Rc7+
62. Kb3 { Game drawn by mutual agreement } 1/2-1/2

[Event "ICC tourney 2380 (15 3)"]
[Site "Internet Chess Club"]
[Date "2021.02.07"]
[Round "5"]
[White "DukeArundell"]
[Black "allorantPNW"]
[Result "0-1"]
[ICCResult "White forfeits on time"]
[WhiteElo "1885"]
[BlackElo "1957"]
[Opening "Sicilian: closed"]
[ECO "B23"]
[NIC "SI.44"]
[Time "16:35:54"]
[PlyCount "80"]
[TimeControl "900+3"]

1. Nc3 c5 2. e4 g6 3. d4 cxd4 4. Qxd4 Nf6 5. e5 Nc6 6. Qf4 Nh5 7. Qe4 Qa5
8. g4 Ng7 9. Nf3 Ne6 10. Bd2 Bg7 11. Nd5 Qd8 12. O-O-O Rb8 13. Bc3 b5 14.
h4 b4 15. Bd2 h5 16. Bh3 Qa5 17. Kb1 Rb5 18. Be3 Bb7 19. Bf1 hxg4 20. Bxb5
gxf3 21. Bxc6 Bxc6 22. Qxb4 Qxb4 23. Nxb4 Be4 24. Nd3 f5 25. Bxa7 Kf7 26.
Nc5 Nxc5 27. Bxc5 Ke6 28. Bd4 Rc8 29. Rd2 Bh6 30. Be3 Bxe3 31. fxe3 Kxe5
32. Rxd7 Bxc2+ 33. Ka1 e6 34. Rf1 Ke4 35. b4 Kxe3 36. Re7 Ke2 37. Rh1 f2
38. Rxe6+ Be4 39. Rxg6 Bxh1 40. Re6+ Be4 { White forfeits on time } 0-1

[Event "ICC tourney 2380 (15 3)"]
[Site "Internet Chess Club"]
[Date "2021.02.07"]
[Round "5"]
[White "organic"]
[Black "MrNormalName"]
[Result "0-1"]
[ICCResult "White checkmated"]
[WhiteElo "2098"]
[BlackElo "2189"]
[Opening "Ruy Lopez: Berlin defense"]
[ECO "C65"]
[NIC "RL.07"]
[Time "16:36:05"]
[PlyCount "108"]
[TimeControl "900+3"]

1. e4 e5 2. Nf3 Nc6 3. Bb5 Nf6 4. d3 Bc5 5. O-O Nd4 6. Nxd4 Bxd4 7. c3 Bb6
8. d4 c6 9. Bd3 d6 10. dxe5 dxe5 11. Bg5 h6 12. Bh4 O-O 13. Na3 Be6 14. Qe2
Qe7 15. Nc4 Bc7 16. a4 Rfd8 17. f3 b5 18. axb5 cxb5 19. Ne3 b4 20. Kh1 a5
21. c4 g5 22. Bg3 Nh5 23. b3 Nf4 24. Bxf4 gxf4 25. Nd5 Qc5 26. Rfd1 Kh8 27.
Qe1 Rg8 28. Qh4 Kg7 29. g3 Bd8 30. Qh5 fxg3 31. Rg1 Kh7 32. Qxe5 Qf2 33.
Rxg3 Bh4 34. Nf6+ Bxf6 35. Qxf6 Rxg3 36. hxg3 Qd2 37. Qd4 Qg5 38. g4 Kg8
39. e5 Rd8 40. Qe4 Qd2 41. Qh7+ Kf8 42. Be4 Qd4 43. Qxh6+ Ke8 44. Bc6+ Ke7
45. Qf6+ Kf8 46. Rf1 Qd3 47. Kg2 Qc2+ 48. Rf2 Qd1 49. Kg3 Qg1+ 50. Rg2 Qe1+
51. Kh2 Rd1 52. Qh8+ Ke7 53. Qf6+ Kf8 54. g5 Qh4# { White checkmated } 0-1

[Event "ICC tourney 2380 (15 3)"]
[Site "Internet Chess Club"]
[Date "2021.02.07"]
[Round "6"]
[White "anirudha-menon"]
[Black "Aaronraj"]
[Result "1-0"]
[ICCResult "Black checkmated"]
[WhiteElo "1769"]
[BlackElo "419"]
[Opening "Two knights defense (Modern bishop's opening)"]
[ECO "C55"]
[NIC "IG.01"]
[Time "17:45:13"]
[PlyCount "61"]
[TimeControl "900+3"]

1. e4 e5 2. Nf3 Nc6 3. Bc4 Nf6 4. d3 h6 5. c3 Na5 6. Bb5 c6 7. Ba4 b5 8.
Bc2 Nb7 9. Nxe5 Bd6 10. Nf3 Be5 11. d4 Bd6 12. e5 Bxe5 13. dxe5 Nd5 14. O-O
O-O 15. Nbd2 d6 16. exd6 Qxd6 17. Ne4 Qc7 18. h3 Na5 19. Qd3 g6 20. Bxh6
Re8 21. Rfe1 Rd8 22. Rad1 Bb7 23. Qf1 Ba6 24. Bd3 c5 25. Bxb5 Bxb5 26. Qxb5
Rab8 27. Qe2 Nf6 28. Nxf6+ Kh8 29. Rxd8+ Rxd8 30. Qe8+ Rxe8 31. Rxe8# {
Black checkmated } 1-0

[Event "ICC tourney 2380 (15 3)"]
[Site "Internet Chess Club"]
[Date "2021.02.07"]
[Round "6"]
[White "MrNormalName"]
[Black "mzninja66"]
[Result "1-0"]
[ICCResult "Black resigns"]
[WhiteElo "2189"]
[BlackElo "2184"]
[Opening "Grünfeld: exchange, Simagin's improved variation"]
[ECO "D86"]
[NIC "GI.05"]
[Time "17:46:05"]
[PlyCount "37"]
[TimeControl "900+3"]

1. d4 Nf6 2. c4 g6 3. Nc3 d5 4. cxd5 Nxd5 5. e4 Nxc3 6. bxc3 Bg7 7. Bc4 O-O
8. Ne2 Nc6 9. Bd3 b6 10. h4 h5 11. Bg5 Qd6 12. Qd2 e5 13. d5 Na5 14. O-O c6
15. c4 Ba6 16. c5 Qxc5 17. Bxa6 cxd5 18. Qxd5 Qa3 19. Rac1 { Black resigns
} 1-0

[Event "ICC tourney 2380 (15 3)"]
[Site "Internet Chess Club"]
[Date "2021.02.07"]
[Round "6"]
[White "fairlawn70"]
[Black "Kolten112358"]
[Result "0-1"]
[ICCResult "White checkmated"]
[WhiteElo "963"]
[BlackElo "1215"]
[Opening "Caro-Kann: exchange variation"]
[ECO "B13"]
[NIC "CK.02"]
[Time "17:45:47"]
[PlyCount "124"]
[TimeControl "900+3"]

1. e4 c6 2. d4 d5 3. exd5 cxd5 4. Nc3 Nc6 5. Bb5 Nf6 6. Nf3 Bg4 7. Bg5 e6
8. h3 Bxf3 9. Qxf3 Be7 10. O-O-O a6 11. Bxc6+ bxc6 12. Bxf6 Bxf6 13. a3 Qb6
14. Qe3 Rb8 15. b3 Be7 16. b4 a5 17. bxa5 Bxa3+ 18. Kd2 Qxa5 19. Rb1 O-O
20. Rb3 Rxb3 21. cxb3 Rb8 22. Rb1 c5 23. dxc5 Bxc5 24. Qe2 d4 25. Qd3 Qxc3+
26. Qxc3 dxc3+ 27. Kxc3 Bxf2 28. Rf1 Bh4 29. b4 Bf6+ 30. Kc4 Kf8 31. b5 Ke8
32. Kc5 Kd8 33. Rd1+ Kc7 34. b6+ Rxb6 35. Rd2 Rc6+ 36. Kb5 Rd6 37. Rc2+ Kd7
38. Ra2 e5 39. Ra7+ Ke6 40. g4 e4 41. Ra4 Rd4 42. Ra6+ Ke5 43. Ra1 e3 44.
Re1 Ke4 45. Kc5 Rd2 46. Kc4 e2 47. Kb3 Ke3 48. Rg1 Kf2 49. Rc1 e1=Q 50.
Rxe1 Kxe1 51. Kb4 Rc2 52. Kb3 Rc8 53. Kb4 Kd2 54. Kb5 Kd3 55. Kb4 Kd4 56.
Kb5 Kd5 57. Kb4 Rb8+ 58. Ka4 Kc5 59. Ka3 Kc4 60. Ka2 Kc3 61. Ka1 Kc2+ 62.
Ka2 Ra8# { White checkmated } 0-1

[Event "ICC tourney 2380 (15 3)"]
[Site "Internet Chess Club"]
[Date "2021.02.07"]
[Round "6"]
[White "hpawnbomb"]
[Black "Goran21"]
[Result "0-1"]
[ICCResult "White resigns"]
[WhiteElo "2188"]
[BlackElo "2190"]
[Opening "Sicilian"]
[ECO "B50"]
[NIC "SI.01"]
[Time "17:45:14"]
[PlyCount "86"]
[TimeControl "900+3"]

1. e4 c5 2. Nf3 d6 3. c3 Nf6 4. Be2 g6 5. O-O Bg7 6. Bb5+ Bd7 7. Bxd7+
Nbxd7 8. Re1 O-O 9. d4 cxd4 10. cxd4 d5 11. e5 Ne4 12. Nc3 Nxc3 13. bxc3 e6
14. Qd3 Rc8 15. Rb1 Nb6 16. Bg5 Qc7 17. Rec1 h6 18. Bd2 Nc4 19. h4 a6 20.
g4 b5 21. h5 Nxd2 22. Qxd2 gxh5 23. gxh5 f6 24. exf6 Rxf6 25. Qe2 Rcf8 26.
Ne1 Qf4 27. Nd3 Qh4 28. f4 Qg3+ 29. Kh1 Rxf4 30. Nxf4 Rxf4 31. Qxe6+ Kh8
32. Qe8+ Bf8 33. Qe5+ Kh7 34. Qc7+ Bg7 35. Qxf4 Qxf4 36. Rf1 Qh4+ 37. Kg2
Qg4+ 38. Kf2 Qxh5 39. a4 Qf5+ 40. Ke2 Qe4+ 41. Kd2 h5 42. Kc1 Qe2 43. Rf7
Kg8 { White resigns } 0-1

[Event "ICC tourney 2380 (15 3)"]
[Site "Internet Chess Club"]
[Date "2021.02.07"]
[Round "6"]
[White "copingmechanism"]
[Black "smilingfloor"]
[Result "1-0"]
[ICCResult "Black checkmated"]
[WhiteElo "2064"]
[BlackElo "1947"]
[Opening "Sicilian: closed"]
[ECO "B23"]
[NIC "SI.44"]
[Time "17:45:25"]
[PlyCount "53"]
[TimeControl "900+3"]

1. e4 c5 2. Nc3 d6 3. Bb5+ Bd7 4. Bc4 Nf6 5. d3 e6 6. f4 Nc6 7. a4 Be7 8.
Nf3 Nb4 9. Bb3 Bc6 10. O-O O-O 11. Bd2 Qd7 12. Ne2 Na6 13. h3 Nc7 14. g4 b5
15. axb5 Nxb5 16. g5 Ne8 17. Ng3 Nd4 18. Nxd4 cxd4 19. f5 exf5 20. Nxf5 Nc7
21. Qg4 d5 22. exd5 Nxd5 23. Bxd5 Bc5 24. Bxc6 Qxc6 25. b4 Bd6 26. Qxd4
Qxc2 27. Qxg7# { Black checkmated } 1-0

[Event "ICC tourney 2380 (15 3)"]
[Site "Internet Chess Club"]
[Date "2021.02.07"]
[Round "6"]
[White "BreatheChessAls"]
[Black "organic"]
[Result "1-0"]
[ICCResult "Black resigns"]
[WhiteElo "1941"]
[BlackElo "2098"]
[Opening "Queen's pawn: London system"]
[ECO "A45"]
[NIC "QP.07"]
[Time "17:45:14"]
[PlyCount "93"]
[TimeControl "900+3"]

1. d4 Nf6 2. Bf4 d5 3. e3 c5 4. c3 Qb6 5. Qb3 c4 6. Qc2 Nc6 7. Nd2 g6 8.
Ngf3 Bf5 9. Qc1 Bg7 10. Nh4 O-O 11. Nxf5 gxf5 12. Nf3 Ne4 13. Ng5 Nxg5 14.
Bxg5 f6 15. Bh4 e5 16. Be2 f4 17. O-O Kh8 18. Bf3 e4 19. Be2 fxe3 20. fxe3
Ne7 21. b3 Qe6 22. bxc4 dxc4 23. Rb1 b6 24. Rb5 a6 25. Rh5 Rad8 26. Qc2 b5
27. Rf4 f5 28. Bxe7 Qxe7 29. Rhxf5 Rxf5 30. Rxf5 Re8 31. Bh5 Rf8 32. Rxf8+
Bxf8 33. Qf2 Bh6 34. Qg3 Bg5 35. d5 Bf6 36. Qb8+ Qd8 37. Qxd8+ Bxd8 38. d6
Kg7 39. Bg4 a5 40. Bf5 Bf6 41. Bxe4 Bxc3 42. Bc6 b4 43. Bd5 b3 44. axb3
cxb3 45. Bxb3 Bb4 46. d7 Kf6 47. d8=Q+ { Black resigns } 1-0

[Event "ICC tourney 2380 (15 3)"]
[Site "Internet Chess Club"]
[Date "2021.02.07"]
[Round "6"]
[White "VincentT2008"]
[Black "ebowen31"]
[Result "1/2-1/2"]
[ICCResult "Game drawn by repetition"]
[WhiteElo "1861"]
[BlackElo "2135"]
[Opening "King's Indian: Sämisch, orthodox, 7.Nge2 c6"]
[ECO "E89"]
[NIC "KI.43"]
[Time "17:45:34"]
[PlyCount "88"]
[TimeControl "900+3"]

1. d4 Nf6 2. c4 g6 3. Nc3 Bg7 4. e4 d6 5. f3 O-O 6. Be3 e5 7. Nge2 c6 8. d5
a6 9. Qd2 cxd5 10. cxd5 b5 11. a3 Nbd7 12. g4 Nc5 13. Ng3 Nb3 14. Qd1 Nxa1
15. Qxa1 Qa5 16. Qc1 b4 17. axb4 Qxb4 18. Be2 Bd7 19. Kf2 Rfb8 20. Nd1 Bb5
21. Bxb5 Qxb5 22. h4 Nd7 23. h5 Rc8 24. Qd2 Nb6 25. hxg6 fxg6 26. Nc3 Qb3
27. Bxb6 Qxb6+ 28. Kf1 Rab8 29. Qh2 h6 30. g5 Qxb2 31. Nce2 hxg5 32. Qh7+
Kf7 33. Nf5 gxf5 34. Qxf5+ Kg8 35. Qh7+ Kf8 36. Qf5+ Kg8 37. Qh7+ Kf8 38.
Qf5+ Kg8 39. Qe6+ Kf8 40. Qxd6+ Kg8 41. Qe6+ Kf8 42. Qd6+ Kg8 43. Qe6+ Kf8
44. Qd6+ Kg8 { Game drawn by repetition } 1/2-1/2

[Event "ICC tourney 2380 (15 3)"]
[Site "Internet Chess Club"]
[Date "2021.02.07"]
[Round "6"]
[White "awakeflood"]
[Black "clair"]
[Result "1-0"]
[ICCResult "Black resigns"]
[WhiteElo "1798"]
[BlackElo "1718"]
[Opening "Robatsch defense"]
[ECO "B06"]
[NIC "KF.05"]
[Time "17:45:44"]
[PlyCount "69"]
[TimeControl "900+3"]

1. e4 g6 2. d4 Bg7 3. Nc3 e6 4. f3 Ne7 5. Bg5 h6 6. Be3 a6 7. Qd2 b5 8.
O-O-O Bb7 9. h4 d5 10. e5 c5 11. dxc5 Nd7 12. f4 Qa5 13. Kb1 b4 14. Nce2
Nxc5 15. Bxc5 Qxc5 16. h5 Rc8 17. hxg6 fxg6 18. Nd4 Kd7 19. Bd3 Nf5 20.
Ngf3 h5 21. Bxf5 gxf5 22. Ng5 Rce8 23. Nb3 Qb6 24. Qe2 Bc6 25. Rxh5 Bb5 26.
Qf3 a5 27. Rxh8 Rxh8 28. Nd4 Rh6 29. Ndxe6 Rxe6 30. Qxd5+ Ke7 31. Nxe6 Qxe6
32. Qxb5 b3 33. Qxb3 Qg6 34. Qb7+ Kf8 35. Rd8+ { Black resigns } 1-0

[Event "ICC tourney 2380 (15 3)"]
[Site "Internet Chess Club"]
[Date "2021.02.07"]
[Round "6"]
[White "MillzGambit"]
[Black "Roger436"]
[Result "0-1"]
[ICCResult "White resigns"]
[WhiteElo "2026"]
[BlackElo "1751"]
[Opening "Sicilian: accelerated fianchetto, modern variation"]
[ECO "B34"]
[NIC "SI.33"]
[Time "17:45:36"]
[PlyCount "124"]
[TimeControl "900+3"]

1. e4 c5 2. Nf3 Nc6 3. d4 cxd4 4. Nxd4 g6 5. Nc3 Bg7 6. Be3 Nf6 7. f3 O-O
8. Bc4 Qb6 9. Qd2 Nxe4 10. fxe4 Bxd4 11. Bxd4 Qxd4 12. Qxd4 Nxd4 13. O-O-O
Nc6 14. Nd5 d6 15. h3 Be6 16. a3 Rac8 17. Kb1 a6 18. Be2 Rfd8 19. Nf4 Bd7
20. Rhf1 Ne5 21. Nd5 Kf8 22. Rf2 Bc6 23. h4 Bxd5 24. exd5 Rc5 25. b3 Rc3
26. h5 Kg7 27. Rg1 Rdc8 28. Bd1 R8c5 29. Rd2 f5 30. Kb2 Kf6 31. hxg6 hxg6
32. g4 Nf3 33. Bxf3 Rxf3 34. gxf5 gxf5 35. c4 b5 36. Re2 bxc4 37. Re6+ Kf7
38. bxc4 Rxc4 39. Rh1 Rg4 40. Rh7+ Kf8 41. Rhxe7 Rg2+ 42. Re2 Rxe2+ 43.
Rxe2 Rd3 44. Rc2 Rxd5 45. Rc6 f4 46. Rc4 Rf5 47. Rc2 Ke7 48. Rf2 Kf6 49.
Kc3 Ke5 50. Re2+ Kd5 51. Kd3 f3 52. Rf2 a5 53. Ke3 Kc4 54. Ke4 Rf7 55. a4
d5+ 56. Ke3 d4+ 57. Kd2 d3 58. Kc1 Kc3 59. Kd1 Rb7 60. Kc1 d2+ 61. Rxd2
Rb1+ 62. Kxb1 Kxd2 { White resigns } 0-1

[Event "ICC tourney 2380 (15 3)"]
[Site "Internet Chess Club"]
[Date "2021.02.07"]
[Round "6"]
[White "vrishabh"]
[Black "Alien5"]
[Result "0-1"]
[ICCResult "White resigns"]
[WhiteElo "395"]
[BlackElo "428"]
[Opening "Sicilian"]
[ECO "B54"]
[NIC "SI.01"]
[Time "17:45:12"]
[PlyCount "141"]
[TimeControl "900+3"]

1. e4 c5 2. Nf3 d6 3. d4 cxd4 4. Nxd4 e5 5. Nf3 Nf6 6. Nc3 Nc6 7. Bd3 Bg4
8. h3 Be6 9. O-O d5 10. exd5 Nxd5 11. Bc4 Nxc3 12. Qxd8+ Rxd8 13. Bxe6 fxe6
14. bxc3 e4 15. Bg5 exf3 16. Bxd8 Kxd8 17. gxf3 g6 18. Rad1+ Kc8 19. Rfe1
Nd8 20. Rd2 Bg7 21. Red1 Bxc3 22. Rd3 Ba5 23. Rd4 e5 24. Rd5 Bc7 25. Rd7
Re8 26. R7d5 h5 27. Kg2 g5 28. Rc5 b6 29. Rcd5 e4 30. Rxg5 exf3+ 31. Kxf3
Rf8+ 32. Ke4 Rf4+ 33. Ke3 Rh4 34. Rh1 Nf7 35. Rg8+ Nd8 36. Rf1 Rxh3+ 37. f3
Rg3 38. Rf8 Bd6 39. Rf6 Be7 40. Rf5 h4 41. Rh5 h3 42. Rh1 Bc5+ 43. Kf4 Bd6+
44. Kf5 Rxf3+ 45. Kg4 Rg3+ 46. Kf5 Nc6 47. Ke6 Kc7 48. Rh7+ Ne7 49. Rxe7+
Bxe7 50. Kxe7 Kc6 51. Ke6 Kc5 52. Kf5 Kc4 53. Kf4 Rc3 54. Rc1 h2 55. Ke4 a5
56. a4 Ra3 57. Rb1 Kc3 58. Rc1 Kb2 59. Rh1 Rh3 60. Kd4 Kxc2 61. Kc4 Kb2 62.
Kb5 Ka3 63. Ra1+ Kb3 64. Rh1 Ka3 65. Ra1+ Kb2 66. Rh1 Kb3 67. Rb1+ Kc2 68.
Rh1 Rh5+ 69. Kxb6 Kb3 70. Rb1+ Kxa4 71. Rb5 { White resigns } 0-1

[Event "ICC tourney 2380 (15 3)"]
[Site "Internet Chess Club"]
[Date "2021.02.07"]
[Round "6"]
[White "harkerchess"]
[Black "Slothychess"]
[Result "1-0"]
[ICCResult "Black checkmated"]
[WhiteElo "1934"]
[BlackElo "2048"]
[Opening "Trompowsky attack (Ruth, Opocenský opening)"]
[ECO "A45"]
[NIC "QP.07"]
[Time "17:45:18"]
[PlyCount "63"]
[TimeControl "900+3"]

1. d4 Nf6 2. Bg5 c5 3. d5 d6 4. e3 g6 5. c4 Bg7 6. Nc3 O-O 7. Nf3 h6 8. Bh4
g5 9. Bg3 Nh5 10. Bd3 Nd7 11. Qe2 Nxg3 12. hxg3 Nf6 13. O-O-O a6 14. Ne4
Nxe4 15. Bxe4 Bg4 16. Bb1 b5 17. Qc2 f5 18. Rd2 Bxf3 19. gxf3 bxc4 20. g4
Rb8 21. Qxc4 Rb4 22. Qe2 fxg4 23. Qd3 Rxf3 24. a3 Rb8 25. Qh7+ Kf8 26. Be4
Rf6 27. Bf5 Qb6 28. Be6 Rxe6 29. dxe6 Bxb2+ 30. Kd1 Qb3+ 31. Ke1 Bc3 32.
Qf7# { Black checkmated } 1-0

[Event "ICC tourney 2380 (15 3)"]
[Site "Internet Chess Club"]
[Date "2021.02.07"]
[Round "6"]
[White "MChessy"]
[Black "sujashankar"]
[Result "0-1"]
[ICCResult "White forfeits on time"]
[WhiteElo "1704"]
[BlackElo "1749"]
[Opening "Sicilian: dragon, 6.Be3"]
[ECO "B72"]
[NIC "SI.16"]
[Time "17:45:17"]
[PlyCount "88"]
[TimeControl "900+3"]

1. e4 c5 2. Nf3 d6 3. d4 cxd4 4. Nxd4 Nf6 5. Nc3 g6 6. Be3 Bg7 7. Qd2 O-O
8. O-O-O Nc6 9. f4 d5 10. e5 Ne8 11. h4 f6 12. Nf3 fxe5 13. fxe5 e6 14. h5
Nxe5 15. Nxe5 Bxe5 16. hxg6 hxg6 17. Bc5 Bf4 18. Be3 Bxe3 19. Qxe3 Rf5 20.
Bd3 Qg5 21. Qxg5 Rxg5 22. Rh6 Kg7 23. Rdh1 Nf6 24. Rh8 b6 25. Ba6 Bb7 26.
Rxa8 Bxa8 27. Nb5 Ne8 28. Nxa7 Rxg2 29. Re1 Nc7 30. Bf1 Rg1 31. Nc8 Bb7 32.
Nxb6 Ba6 33. Kd2 Rxf1 34. Rxf1 Bxf1 35. a4 Kf7 36. b4 Ke7 37. Ke3 e5 38. c3
g5 39. Nc8+ Kd7 40. Nb6+ Kc6 41. Nc8 Bh3 42. Ne7+ Kd7 43. Ng6 Kd6 44. Nh8
Ke7 { White forfeits on time } 0-1

[Event "ICC tourney 2380 (15 3)"]
[Site "Internet Chess Club"]
[Date "2021.02.07"]
[Round "6"]
[White "allorantPNW"]
[Black "guineapig25"]
[Result "0-1"]
[ICCResult "White resigns"]
[WhiteElo "1957"]
[BlackElo "2029"]
[Opening "Queen's pawn: London system"]
[ECO "A45"]
[NIC "QP.07"]
[Time "17:45:16"]
[PlyCount "130"]
[TimeControl "900+3"]

1. d4 Nf6 2. Bf4 g6 3. Nc3 d5 4. e3 Bg7 5. h4 h5 6. Be2 O-O 7. Nf3 c5 8.
Nb5 Na6 9. a4 Bf5 10. c3 c4 11. Ne5 Nd7 12. g4 hxg4 13. Bxg4 Bxg4 14. Qxg4
Nxe5 15. dxe5 Qc8 16. Rg1 Qxg4 17. Rxg4 Kh7 18. O-O-O e6 19. h5 g5 20. h6
Bh8 21. Rxg5 Rg8 22. Rdg1 Rxg5 23. Rxg5 Nc5 24. Nd6 Rf8 25. Kc2 b6 26. Bg3
Nxa4 27. e4 Nc5 28. exd5 exd5 29. f4 Ne6 30. Rf5 Kg6 31. Bh4 d4 32. Bf6 d3+
33. Kd2 Nc5 34. Bxh8 Rxh8 35. Rf6+ Kh7 36. Nxf7 Ne4+ 37. Kd1 Nxf6 38. Nxh8
Nd5 39. Nf7 Nxf4 40. Ng5+ Kxh6 41. e6 Nd5 42. Ne4 Ne7 43. Nd6 Kg6 44. Nxc4
Kf6 45. Kd2 Kxe6 46. Kxd3 Kd5 47. Ne3+ Kc5 48. b4+ Kb5 49. Nc2 Nc6 50. c4+
Ka4 51. Kc3 Ne7 52. Nd4 a6 53. Ne6 b5 54. c5 Nc6 55. Nc7 Nxb4 56. c6 a5 57.
Kd4 Nxc6+ 58. Kc5 Na7 59. Nd5 b4 60. Kc4 Nc6 61. Nb6+ Ka3 62. Kb5 b3 63.
Kxc6 Kb4 64. Kd5 b2 65. Nc4 b1=Q { White resigns } 0-1